AoeStats
← BrokenSword

Black Forest

509756879Analyzed
4v4 RM · 3d ago on Sep 27, 2026· 32m 42s· 8 players
Game mode
Random Map
Map size
Large (8 player)
Population
200
Speed
Normal
Resources
Standard
Victory
Conquest
Starting age
Dark Age
Ending age
Imperial Age
RankedLock teamsTeams togetherTeam positionsShared explorationLock speedFull tech treeHidden civsTurbo modeCheats
Victory
Defeat
🇺🇸 Saracens · United States
681
+15
🇧🇷 Goths · Brazil
659
+15
🇺🇸 Franks · United States
645
+16
🇲🇽 Persians · Mexico
640
+16
🇮🇳 Teutons · India
702
-17
🇧🇷 Mapuche · Brazil
677
-17
🇦🇷 Burgundians · Argentina
647
-16
🇺🇸 Aztecs · United States
558
-12
GamesPig124
0:29 Loom
12:33 Feudal Age
13:00 Double-Bit Axe
20:42 Castle Age
19:09 Stone Mining
19:09 Gold Mining
23:34 Wheelbarrow
24:10 Bow Saw
25:54 Pikeman
28:57 Hand Cart
31:33 Gold Shaft Mining
31:03 Caravan
34:56 Imperial Age
TwoMazatl
2:23 Loom
15:55 Feudal Age
23:19 Castle Age
21:20 Double-Bit Axe
21:19 Horse Collar
21:36 Gold Mining
22:31 Stone Mining
24:14 Wheelbarrow
30:06 Imperial Age
29:18 Bow Saw
29:11 Heavy Plow
30:30 Hand Cart
33:28 Chemistry
BrokenSword
13:50 Feudal Age
19:27 Castle Age
21:13 Loom
21:03 Crossbowman
26:05 Ballistics
27:12 Thumb Ring
26:59 Fletching
27:10 Gold Mining
27:09 Loom
27:27 Double-Bit Axe
31:38 Bodkin Arrow
Lautenaius Maximus
5:42 Loom
12:14 Feudal Age
12:43 Double-Bit Axe
13:53 Man-at-Arms
15:33 Gold Mining
18:15 Forging
22:16 Castle Age
25:26 Fletching
27:17 Bodkin Arrow
29:00 Bow Saw
28:51 Long Swordsman
31:45 Horse Collar
Cuauhocelotl831
3:10 Loom
18:26 Feudal Age
Vollenbad
0:29 Loom
14:21 Feudal Age
17:01 Town Watch
17:55 Wheelbarrow
22:14 Castle Age
21:21 Stone Mining
21:15 Horse Collar
22:41 Double-Bit Axe
24:42 Bow Saw
28:06 Hand Cart
29:40 Murder Holes
35:04 Imperial Age
hangover
0:37 Loom
12:02 Feudal Age
12:32 Horse Collar
13:22 Double-Bit Axe
19:17 Stone Mining
19:17 Gold Mining
24:43 Castle Age
23:20 Man-at-Arms
23:46 Arson
28:44 Long Swordsman
29:10 Gambesons
29:25 Squires
34:25 Imperial Age
TallMan00
0:45 Loom
11:36 Feudal Age
12:51 Wheelbarrow
13:15 Double-Bit Axe
14:18 Horse Collar
22:46 Castle Age
21:36 Stone Mining
22:07 Fletching
22:40 Gold Mining
23:43 Heavy Plow
23:55 Bow Saw
24:11 Hand Cart
Connection lost

Rejoining the realm…

Still unreachable

The connection could not be restored.

Session expired

The server has moved on; the page needs a fresh start.